 Dungeon Crawl Stone Soup version 0.25-a0-1133-g93ebf73 (webtiles) character file.

Game seed: 12011958039339053086, levelgen mode: deterministic

0 thirtiethelement the Skirmisher (level 1, -12/12 HPs)
             Began as a Demonspawn Abyssal Knight on May 22, 2020.
             Was a Follower of Lugonu.
             Mangled by a water elemental (14 damage)
             ... on level 1 of the Abyss.
             The game lasted 00:01:23 (142 turns).

thirtiethelement the Skirmisher (DsAK)               Turns: 142, Time: 00:01:23

Health: -12/12     AC:  1    Str: 12    XL:     1   Next: 0%
Magic:  1/1        EV: 11    Int: 13    God:    Lugonu [*.....]
Gold:   0          SH:  0    Dex:  8    Spells: 0/0 levels left

rFire    . . .     SeeInvis .   a - +1 falchion
rCold    . . .     Gourm    .   (no shield)
rNeg     . . .     Faith    .   b - +0 leather armour
rPois    .         Spirit   .   (no helmet)
rElec    .         Reflect  .   (no cloak)
rCorr    .         Harm     .   (no gloves)
MR       .....                  (no boots)
Stlth    ..........             (no amulet)
HPRegen  0.00/turn              (no ring)
MPRegen  0.07/turn              (no ring)

@: confused, non-regenerating, diseased
A: [blurry vision 3], [clumsy 2], [deformed body], [deterioration 2], [frail 3],
[low mp 3], [subdued magic 3]
a: Depart the Abyss, Renounce Religion


You were on level 1 of the Abyss.
You worshipped Lugonu.
Lugonu was aware of your devotion.
You were not hungry.

You visited 0 branches of the dungeon, and saw 0 of its levels.
You visited the Abyss 1 time.

Inventory:

Hand Weapons
 a - a +1 falchion (weapon)
Armour
 b - a +0 leather armour (worn)
Scrolls
 e - a scroll of teleportation {unknown}
Potions
 d - a potion of might {unknown}
Comestibles
 c - a ration


   Skills:
 + Level 3.0 Fighting
 + Level 1.7 Long Blades
 + Level 1.7 Armour
 + Level 0.8 Dodging
 + Level 2.4 Invocations


You couldn't memorise any spells.
You didn't know any spells.
Your spell library was empty.

Dungeon Overview and Level Annotations

Branches:
Dungeon (0/15)

Altars:


Innate Abilities, Weirdness & Mutations

[Scrolls take you much longer to read.]
[You are very clumsy. (Dex -4)]
[Armour fits poorly on your strangely shaped body.]
[Your body often deteriorates upon taking damage.]
[You are extremely frail. (-30% HP)]
[Your magical capacity is extremely low. (-30% MP)]
[Your spells are much easier to cast, but much less powerful.]


Message History

You feel ill.
The vampire gestures wildly while chanting.
The vampire flickers and vanishes!
Deactivating autopickup; reactivate with Ctrl-A.
The wretched star pulses with an eldritch light!
You feel clumsy. x2
You feel ill.
You are confused.
You bump into the rock wall.
The wretched star pulses with an eldritch light!
You feel less energetic.
You bump into the rock wall.
The water elemental hits you!
Ouch! That really hurt!
* * * LOW HITPOINT WARNING * * *
The water elemental engulfs you in water!
You slip free of the water engulfing you.
You gasp with relief as air once again reaches your lungs.
You bump into the rock wall.
The water elemental hits you!
Ouch! That really hurt!
You die...

..##. ##.
##.#...#....
#.##. .
...#..#...# .
#.........# ##
#......#X*# #.
# ..
..###.#####...
#.# .# . #.
#....#...# . #
#.. .
###.#...# .# #
#..E..#...#
##.@#.# ...
##.### # .#.
.# #. ## ##


You could see a tentacled starspawn, a wretched star and a water elemental.

Vanquished Creatures (others)
  4 starspawn tentacles (Abyss:1)
4 creatures vanquished.

Notes
Turn   | Place    | Note
-------+----------+-------------------------------------------
     0 | Abyss:1  | thirtiethelement the Demonspawn Abyssal Knight began the
                  | quest for the Orb.
     0 | Abyss:1  | Reached XP level 1. HP: 18/18 MP: 2/2
    56 | Abyss:1  | Noticed a wretched star
    69 | Abyss:1  | Noticed a quasit
    74 | Abyss:1  | Noticed a water elemental
    86 | Abyss:1  | Noticed a tentacled starspawn
   117 | Abyss:1  | Noticed a water elemental
   124 | Abyss:1  | Noticed an ancient zyme
   127 | Abyss:1  | Noticed a vampire
   142 | Abyss:1  | Mangled by a water elemental

Illustrated notes

Levels and vault maps discovered:
Abyss:1:  gammafunk_corrupted_shrine, hangedman_abyss_mock_shop,
          hangedman_abyss_mock_shop

Table legend:
 A = Non-vault XP
 B = Vault XP
 C = Vault XP percentage of total XP
 D = Non-vault monster count
 E = Vault monster count
 F = Vault count percentage of total count
                 A         B        C        D         E       F
            +---------+---------+-------+---------+---------+-------
      Total |       0 |       0 |   N/A |       0 |       0 |  -nan
            +---------+---------+-------+---------+---------+-------
            +---------+---------+-------+---------+---------+-------
